 Dungeon Crawl Stone Soup version 0.21-a0-319-g17ab366 (webtiles) character file.

23 shitimlost the Grave Robber (level 3, -2/24 HPs)
             Began as a Human Necromancer on Sept 30, 2017.
             Slain by an ooze (3 damage)
             ... on level 1 of the Dungeon.
             The game lasted 00:02:15 (1239 turns).

shitimlost the Grave Robber (Human Necromancer)     Turns: 1239, Time: 00:02:15

Health: -2/24      AC:  2    Str:  8    XL:     3   Next: 10%
Magic:  4/6        EV: 13    Int: 16    God:
Gold:   54         SH:  0    Dex: 13    Spells: 5/6 levels left

rFire    . . .     SeeInvis .   e - +0 dagger
rCold    . . .     Gourm    .   (no shield)
rNeg     . . .     Faith    .   a - +0 robe
rPois    .         Spirit   .   (no helmet)
rElec    .         Reflect  .   (no cloak)
rCorr    .         Harm     .   (no gloves)
MR       .....                  (no boots)
Stlth    ++........             (no amulet)
HPRegen  0.08/turn              (no ring)
MPRegen  0.10/turn              (no ring)

@: no status effects
A: no striking features
a: no special abilities


You were on level 1 of the Dungeon.
You were not hungry.

You visited 1 branch of the dungeon, and saw 1 of its levels.

You collected 54 gold pieces.

Inventory:

Hand Weapons
 e - a +0 dagger (weapon)
Armour
 a - a +0 robe (worn)
Jewellery
 d - an uncursed ring of stealth {unknown}
Scrolls
 f - 3 scrolls of identify {unknown}
 i - a scroll of amnesia {unknown}
Potions
 h - a potion of heal wounds {unknown}
 j - 2 potions of ambrosia {unknown}
Books
 b - a book of Necromancy

   Spells                             Type                      Level
   a - Pain                           Necromancy                   1
   b - Animate Skeleton               Necromancy                   1
   c - Vampiric Draining              Necromancy                   3
   d - Regeneration                   Charms/Necromancy            3
   e - Animate Dead                   Necromancy                   4
   f - Control Undead                 Necromancy                   4
Comestibles
 c - a bread ration
 g - 5 chunks of flesh


   Skills:
 + Level 2.4 Dodging
 + Level 2.4 Stealth
 + Level 2.4 Spellcasting
 + Level 4.1 Necromancy


You had 5 spell levels left.
You knew the following spells:

 Your Spells              Type           Power        Failure   Level  Hunger
a - Pain                  Necr           ###.         3%          1    #......


Dungeon Overview and Level Annotations

Branches:
Dungeon (1/15)

Altars:


Message History

The ooze is moderately wounded.
The ooze hits you.
* * * LOW HITPOINT WARNING * * *
You hit the ooze but do no damage.
The ooze is moderately wounded.
The ooze misses you.
Casting: Pain
Confirm with . or Enter, or press ? or * to list all spells.
Aiming: Pain
Press: ? - help, Shift-Dir - straight line, f - ooze
Aim: an ooze (moderately wounded, chance to defeat MR: 73%)
The ooze struggles to resist.
The ooze hits you.
* * * LOW HITPOINT WARNING * * *
Casting: Pain
Confirm with . or Enter, or press ? or * to list all spells.
Aiming: Pain
Press: ? - help, Shift-Dir - straight line, f/p - ooze
Aim: an ooze (moderately wounded, chance to defeat MR: 73%)
The ooze struggles to resist.
The ooze hits you.
You die...

...........# #.#
#######
##.........#
#.##.......
...........#
#.#........
#....#'#####
#.#....J...
#....#.#
#.#........
#....#.#
#.#$.......
....##.#
#.#.#######
....##.# #.#J#
....##.# #.#@#
....##.# #.#.#
....##.# #.#.#
....##.###
#.#.########
..####.).###
#.#........######
#......#...#
#.########......#
#..######''###.#
#.##.#.#### ##.##
##.##.##.#
#.#.รท.(.... #..#
#...##.#.#
#.#.#.#.###


You could see an ooze.

Vanquished Creatures
  A leopard gecko (D:1)
  3 giant cockroaches (D:1)
  3 goblins (D:1)
  2 hobgoblins (D:1)
  2 bats (D:1)
  3 frilled lizards (D:1)
  4 kobolds (D:1)
  4 rats (D:1)
22 creatures vanquished.

Notes
Turn   | Place    | Note
-------+----------+-------------------------------------------
     0 | D:1      | shitimlost the Human Necromancer began the quest for the Orb.
     0 | D:1      | Reached XP level 1. HP: 13/13 MP: 3/3
   192 | D:1      | Reached XP level 2. HP: 15/19 MP: 0/5
  1057 | D:1      | Reached XP level 3. HP: 17/24 MP: 4/6
  1239 | D:1      | Slain by an ooze

Vault maps used:
D:1:      saegor_arrival_simple_e, roderic_roman_lattice, minmay_heptomino_h4

Action                   || total
-------------------------++-------
Melee: Dagger            ||    70
 Cast: Pain              ||    23
 Stab: Sleeping          ||     2
  Eat: Chunk             ||     1
Armor: Robe              ||    14
Dodge: Dodged            ||    53

Table legend:
 A = Spawn XP
 B = Non-spawn XP
 C = Spawn XP percentage of total XP
 D = Spawn monster count
 E = Non-spawn monster count
 F = Spawn count percentage of total count
 G = Total turns spent on level
                    A         B        C        D         E        F      G
               +---------+---------+-------+---------+---------+-------+---------
         Total |       0 |      33 |   0.0 |       0 |      22 |   0.0 |  1239
               +---------+---------+-------+---------+---------+-------+---------
           D:1 |       0 |      33 |   0.0 |       0 |      22 |   0.0 |  1239
               +---------+---------+-------+---------+---------+-------+---------
